 Dungeon Crawl Stone Soup version 0.31.0-11-ge490571c62 (webtiles) character file.

Game seed: 15695263839232292319

56 qw the Shooter (level 3, -2/20 HPs)
             Began as a Deep Elf Hunter on Feb 4, 2024.
             Slain by Terence
             ... wielding a +5 trident of venom
              (11 damage)
             ... on level 3 of the Dungeon.
             The game lasted 00:00:06 (1556 turns).

qw the Shooter (Deep Elf Hunter)                    Turns: 1556, Time: 00:00:07

Health: -2/20      AC:  8    Str: 10    XL:     3   Next: 71%
Magic:  5/5        EV: 11    Int: 13    God:
Gold:   171        SH:  0    Dex: 18    Spells: 2/2 levels left

rFire   . . .        a - +0 shortbow
rCold   . . .        (shield currently unavailable)
rNeg    . . .        g - +0 ring mail
rPois   .            (no helmet)
rElec   .            (no cloak)
rCorr   .            (no gloves)
SInv    .            l - +2 pair of boots
Will    .....        (no amulet)
Stlth   +            (no ring)
HPRegen 0.23/turn    (no ring)
MPRegen 0.09/turn

%: no passive effects
@: lethally poisoned (-2 -> -6)
A: no striking features
a: no special abilities


You were on level 3 of the Dungeon.
You visited 1 branch of the dungeon, and saw 3 of its levels.

You collected 171 gold pieces.


   Skills:
 - Level 1.5 Fighting
 + Level 7.2 Ranged Weapons
 - Level 2.4 Dodging
 - Level 1.2 Stealth


You had 2 spell levels left.
You didn't know any spells.
Your spell library was empty.

Inventory:

Hand Weapons
 a - a +0 shortbow (weapon)
Armour
 g - a +0 ring mail (worn)
 l - a +2 pair of boots (worn)
Scrolls
 c - a scroll of acquirement {unknown}
Potions
 d - a potion of curing {unknown}
 f - 2 potions of invisibility {unknown}

Dungeon Overview and Level Annotations

Branches:
Dungeon (3/15)

Altars:

Annotations:
D:3 1 runed translucent door, Terence


Message History

The arrow closely misses the giant cockroach.
You feel very sick. Terence misses you.
The giant cockroach completely misses you.
Terence hits you from afar with a +5 trident of venom.
You are lethally poisoned!
You shoot an arrow.
The arrow hits the giant cockroach but does no damage.
You feel very sick.
The giant cockroach completely misses you.
Terence barely misses you.
The giant cockroach bites you but does no damage.
1552 ||| DRINKING potion of heal wounds.
You feel much better.
You feel very sick. Terence barely misses you.
The giant cockroach waves its antennae.
The giant cockroach bites you but does no damage.
You shoot an arrow.
The arrow hits the giant cockroach but does no damage.
You feel very sick. The giant cockroach closely misses you.
Terence barely misses you.
You shoot an arrow.
The arrow closely misses the giant cockroach.
You feel sick.
The giant cockroach bites you but does no damage.
Terence closely misses you.
The giant cockroach bites you but does no damage.
You shoot an arrow. The arrow hits the giant cockroach.
The giant cockroach is almost dead.
You feel sick. Terence misses you.
The giant cockroach bites you but does no damage.
Terence closely misses you.
You shoot an arrow.
The arrow closely misses the giant cockroach.
You feel sick. The giant cockroach barely misses you.
Terence hits you from afar with a +5 trident of venom!
Ouch! That really hurt!
You die...
Terence says, "Time to find some more victims."

..# ..# ..# #.#
..# #@# #
##########.#.###
..........@B...#
####.......#####
.........#.#
####.###.### #
#.# #.# #.# #.#
#.# #.# #.#
+##.# #.# #.#
[...# #.# #.#


You could see Terence and a giant cockroach.

Vanquished Creatures
  2 dart slugs
  7 ball pythons
  7 endoplasms
  2 giant cockroaches (D:1)
  A goblin (D:1)
  4 hobgoblins
  4 jackals (D:3)
  3 quokkas
  7 bats
  3 frilled lizards (D:1)
  3 kobolds
  2 rats (D:1)
45 creatures vanquished.

Notes
Turn   | Place    | Note
-------+----------+-------------------------------------------
     0 | D:1      | qw the Deep Elf Hunter began the quest for the Orb.
     0 | D:1      | Reached XP level 1. HP: 12/12 MP: 3/3
     0 | D:1      | 0 ||| qw: Version: 0.3-a-160-g5e54788
     0 | D:1      | 0 ||| qw: Game counter: 4303
     0 | D:1      | 0 ||| qw: Melee chars always use a shield: true
     0 | D:1      | 0 ||| qw: God list: Okawaru
     0 | D:1      | 0 ||| qw: Allow faded altars: false
     0 | D:1      | 0 ||| qw: Do Orc after clearing Dungeon:15 true
     0 | D:1      | 0 ||| qw: Do second Lair branch before Depths: true
     0 | D:1      | 0 ||| qw: Lair rune preference: random
     0 | D:1      | 0 ||| qw: Goals: Normal
     0 | D:1      | 0 ||| PLANNING D:1-11
    15 | D:1      | 15 ||| RETREEEEATING.
    17 | D:1      | 17 ||| RETREEEEATING.
    18 | D:1      | 18 ||| RETREEEEATING.
    71 | D:1      | Reached XP level 2. HP: 16/16 MP: 4/4
   142 | D:1      | Reached skill level 6 in Ranged Weapons
   166 | D:1      | 166 ||| RETREEEEATING.
   167 | D:1      | 167 ||| RETREEEEATING.
   389 | D:1      | Reached XP level 3. HP: 20/20 MP: 5/5
   486 | D:1      | 486 ||| UPGRADING to +0 ring mail.
   496 | D:1      | 496 ||| DROPPING +0 leather armour.
   497 | D:1      | 497 ||| UPGRADING to +0 pair of boots.
   502 | D:1      | 502 ||| DROPPING ring of magical power.
   503 | D:1      | 503 ||| READING 2 scrolls labelled MYINOL GEEKEP.
   504 | D:1      | 504 ||| READING scroll labelled JOLOKY DOHEZ.
   505 | D:1      | 505 ||| READING scroll labelled WAZAGH LYITSUG.
   606 | D:1      | 606 ||| READING scroll labelled XIOSIB UDOIS.
   606 | D:1      | 606 ||| ENCHANTING +0 pair of boots.
   607 | D:1      | 607 ||| READING scroll labelled LEBRECU QUDAPTO.
   608 | D:1      | 608 ||| DROPPING scroll of butterflies.
   609 | D:1      | 609 ||| DROPPING scroll of blinking.
   812 | D:2      | Reached skill level 7 in Ranged Weapons
   909 | D:2      | Found a faded altar of an unknown god.
  1271 | D:2      | 1271 ||| READING scroll labelled LANYXKI SAMI.
  1274 | D:2      | 1274 ||| READING scroll labelled RUPSOS GOUCH.
  1274 | D:2      | 1274 ||| IDENTIFYING green potion
  1275 | D:2      | 1275 ||| READING scroll labelled DEANOV OSODWOOX.
  1276 | D:2      | 1276 ||| READING 3 scrolls labelled PORPHU MIUKUAL.
  1277 | D:2      | 1277 ||| DROPPING 2 scrolls of fog.
  1297 | D:3      | 1297 ||| READING scroll of enchant armour.
  1297 | D:3      | 1297 ||| ENCHANTING +1 pair of boots.
  1302 | D:3      | Found a runed translucent door.
  1544 | D:3      | Noticed Terence
  1551 | D:3      | HP: 4/20 [poisoned by Terence]
  1552 | D:3      | 1552 ||| DRINKING potion of heal wounds.
  1556 | D:3      | Slain by Terence

Levels and vault maps discovered:
D:1:      mrwooster_arrival_statue_2, layout_basic, minmay_misc_feat_hallway,
          minmay_heptomino_w4
D:2:      layout_basic, hellmonk_ecumenical_altar_arch_garden
D:3:      layout_basic, ebering_ghost_reflecting_pool, uniq_terence

Skill      XL: |  1  2  3 |
---------------+----------+-----
Ranged Weapons | 6 7 |  7.2
Fighting       | |  1.5
Dodging        | |  2.4
Stealth        | |  1.2

Action                     || total
---------------------------++-------
   Fire: Shortbow          ||   120
    Use: Scroll            ||    10
         Potion            ||     1
 Armour: Leather armour    ||     7
         Ring mail         ||    18
  Dodge: Dodged            ||    34

Table legend:
 A = Non-vault XP
 B = Vault XP
 C = Vault XP percentage of total XP
 D = Non-vault monster count
 E = Vault monster count
 F = Vault count percentage of total count
                 A         B        C        D         E       F
            +---------+---------+-------+---------+---------+-------
      Total |      71 |      10 |  12.3 |      38 |       7 |  15.6
            +---------+---------+-------+---------+---------+-------
        D:1 |      36 |      10 |  21.7 |      20 |       7 |  25.9
        D:2 |      25 |       0 |   0.0 |      13 |       0 |   0.0
        D:3 |      10 |       0 |   0.0 |       5 |       0 |   0.0
            +---------+---------+-------+---------+---------+-------
